 Dungeon Crawl Stone Soup version 0.31-a0-18-gea43df2a32 (webtiles) character file.

Game seed: 10321940010049436700

1001 bande the Shield-Bearer (level 8, -1/48 HPs)
             Began as a Gargoyle Fighter on May 9, 2023.
             Slain by Menkaure (16 damage)
             ... on level 5 of the Dungeon.
             The game lasted 00:07:21 (5096 turns).

bande the Shield-Bearer (Gargoyle Fighter)          Turns: 5096, Time: 00:07:21

Health: -1/48      AC: 22    Str: 20      XL:     8   Next: 20%
Magic:  8/8        EV:  5    Int:  9      God:
Gold:   154        SH: 12    Dex:  8 (11) Spells: 7/7 levels left

rFire   . . .        a - +1 war axe (protect)
rCold   . . .        r - +0 tower shield
rNeg    + + .        j - +0 chain mail
rPois   ∞            (no helmet)
rElec   +            (no cloak)
rCorr   .            (no gloves)
SInv    +            (no boots)
Will    .....        o - amulet of regeneration Stlth
                     m - ring of positive energy
HPRegen 1.08/turn    k - ring of Somywek {SInv Stlth+}
MPRegen 0.11/turn

%: no passive effects
@: under a protective aura
A: sickness immunity, AC +5, negative energy resistance 1, electricity
resistance, torment resistance 1, petrification resistance
a: no special abilities


You were on level 5 of the Dungeon.
You visited 1 branch of the dungeon, and saw 5 of its levels.
You also visited: Sewer.

You collected 203 gold pieces.
You spent 49 gold pieces at shops.

Inventory:

Hand Weapons
 a - a +1 war axe of protection (weapon)
 g - a +1 flail of protection
 n - a +0 war axe
Armour
 j - a +0 chain mail (worn)
 r - a +0 tower shield (worn)
Jewellery
 i - an amulet of faith
 k - the ring of Somywek (right hand) {SInv Stlth+}
   (You took it off a hobgoblin on level 3 of the Dungeon)

   [ring of see invisible]

   SInv:      It lets you see invisible.
   Stlth:     It makes you more stealthy.
 m - a ring of positive energy (left hand)
 o - an amulet of regeneration (around neck)
 p - a ring of wizardry
 s - a ring of protection from fire
Wands
 h - a wand of paralysis (6)
Potions
 b - a potion of heal wounds
 c - 5 potions of haste
 d - a potion of might
 e - a potion of cancellation
 f - 5 potions of curing
 l - 2 potions of invisibility
 q - a potion of brilliance


   Skills:
 + Level 4.6 Fighting
 + Level 5.5 Axes
 + Level 5.1 Armour
 - Level 0.5 Dodging
 + Level 5.7 Shields
 * Level 2.5 Evocations


You had 7 spell levels left.
You didn't know any spells.
Your spell library was empty.

Dungeon Overview and Level Annotations

Branches:
Dungeon (5/15)              Sewer (visited)
 Temple: D:4-7

Altars:
Zin

Shops:
D:3 [

Annotations:
D:5 Menkaure


Innate Abilities, Weirdness & Mutations

You are immune to sickness and miasma.
Your stone body is resilient. (AC +5)
You are immune to poison.
You resist negative energy. (rN+)
You are resistant to electric shocks. (rElec)
You are resistant to unholy torment.
You are immune to petrification.


Message History

Blork the orc convulses!
The iguana convulses!
Your body is wracked with pain!
* * * LOW HITPOINT WARNING * * *
The iguana bites you but does no damage.
Blork the orc points at you and mumbles some strange words.
The magic dart hits you but does no damage.
Menkaure hits you but does no damage.
You hit Blork the orc but do no damage.
Blork the orc is severely wounded.
You barely miss the iguana. You hit Menkaure. You block Menkaure's attack.
Blork the orc casts a spell.
Blork the orc seems to speed up.
The iguana barely misses you. You block Menkaure's attack.
The iguana bites you but does no damage.
Blork the orc hits you but does no damage.
You closely miss Blork the orc.
Blork the orc is severely wounded.
You hit Menkaure but do no damage. You closely miss the iguana.
You block Blork the orc's attack.
Menkaure calls on the powers of darkness!
Blork the orc convulses!
The iguana convulses!
Your body is wracked with pain!
* * * LOW HITPOINT WARNING * * *
The iguana bites you but does no damage.
You block Blork the orc's attack. Menkaure hits you but does no damage.
You closely miss Blork the orc.
Blork the orc is almost dead.
You slash Menkaure! You hit the iguana but do no damage.
Blork the orc looks encouraged for a moment.
You block the iguana's attack.
Menkaure calls on the powers of darkness!
Blork the orc convulses!
The iguana convulses!
Your body is wracked with pain!
* * * LOW HITPOINT WARNING * * *
Blork the orc casts a spell at you.
The puff of flame hits you but does no damage.
The iguana bites you but does no damage.
You slash Blork the orc!
You kill Blork the orc!
You hit Menkaure. You hit the iguana.
You kill the iguana!
Menkaure hits you!
You die...

..######.##....# #....##
.........##....# #......
####..........# #......
#...........# #......
..#####.######..#####......
........## ##............
.........##########....##..
................# #........
........!.@.....# #....##..
.........†)M....# ###.###.#
..########.###### #># #..
## #.# #.# #.. ... #.# #..
.... #.# .... ... .....#
..## ....


You could see Menkaure (fast).

Vanquished Creatures
  Eustachio (D:5)
  Edmund (D:4)
  A sky beast (D:4)
  2 phantoms (D:4)
  Blork the orc (D:5)
  2 kobold brigands (Sewer)
  A hound (D:4)
  An orc priest (D:4)
  3 iguanas
  A sleepcap (D:4)
  3 gnolls (D:2)
  6 adders
  3 river rats (Sewer)
  5 worms
  A dart slug (D:1)
  12 orcs
  3 ball pythons
  4 bats
  7 endoplasms
  6 giant cockroaches
  13 goblins
  12 hobgoblins
  A jackal (Sewer)
  A quokka (D:3)
  8 frilled lizards
  8 kobolds
  9 rats
116 creatures vanquished.

Notes
Turn   | Place    | Note
-------+----------+-------------------------------------------
     0 | D:1      | bande the Gargoyle Fighter began the quest for the Orb.
     0 | D:1      | Reached XP level 1. HP: 14/14 MP: 1/1
   313 | D:1      | Reached XP level 2. HP: 19/19 MP: 2/2
   626 | D:1      | Reached XP level 3. HP: 22/23 MP: 3/3
   960 | D:2      | Found a faded altar of an unknown god.
  1138 | D:2      | Reached XP level 4. HP: 12/29 MP: 4/4
  2194 | D:3      | Found Walymusm's Armour Emporium.
  2198 | D:3      | Bought a +0 tower shield for 49 gold pieces
  2628 | D:3      | Found a glowing silver altar of Zin.
  2724 | D:3      | Reached XP level 5. HP: 28/33 MP: 5/5
  2745 | D:3      | Identified the ring of Somywek {SInv Stlth+}
  2749 | D:3      | Paralysed by a hobgoblin for 4 turns
  3126 | D:4      | Noticed a phantom
  3142 | D:4      | Killed a phantom
  3143 | D:4      | Reached XP level 6. HP: 35/38 MP: 6/6
  3377 | D:4      | Found a glowing drain.
  3393 | Sewer    | Entered a sewer
  3419 | Sewer    | Reached skill level 1 in Evocations
  3592 | Sewer    | Reached XP level 7. HP: 43/43 MP: 7/7
  3942 | Sewer    | Reached skill level 5 in Shields
  4217 | D:4      | Noticed Edmund
  4247 | D:4      | Killed Edmund
  4248 | D:4      | Reached skill level 5 in Axes
  4740 | D:4      | Reached XP level 8. HP: 48/48 MP: 8/8
  4784 | D:5      | Entered Level 5 of the Dungeon
  4784 | D:5      | Noticed Eustachio
  4805 | D:5      | Killed Eustachio
  4806 | D:5      | Reached skill level 5 in Armour
  5085 | D:5      | Noticed Blork the orc
  5086 | D:5      | Noticed Menkaure
  5096 | D:5      | Killed Blork the orc
  5096 | D:5      | Slain by Menkaure

Illustrated notes

Levels and vault maps discovered:
D:1:      dpeg_arrival_morbid_curiosity, layout_loops_ring
D:2:      wad_river_or_something, layout_loops_corners,
          ebering_ecumenical_altar_sacrificial, fountainhead
D:3:      layout_loops_corners, zin_statuary, serial_shops, shop,
          dreamdust_mushroom_princess, minmay_pentomino_pile
D:4:      kennysheep_the_goblin_king, layout_loops_corners,
          cheibrodos_sewer_entry_bend, uniq_edmund
D:5:      layout_basic, xom_confusion_cloud, gammafunk_temple_overflow_elements,
          nicolae_elemental_shop, uniq_blork_the_orc, uniq_menkaure,
          uniq_eustachio, uniq_pikel, uniq_duvessa

Skill      XL: |  1  2  3  4  5  6  7  8 |
---------------+-------------------------+-----
Axes           | 2 3 4 5 |  5.5
Armour         | 4 5 |  5.1
Shields        | 4 5 |  5.7
Fighting       | 4 |  4.6
Evocations     | 1 2 |  2.5
Dodging        | |  0.5

Action                     |  1- 3 |  4- 6 |  7- 9 || total
---------------------------+-------+-------+-------++-------
  Melee: War axe           |    89 |   232 |   163 ||   484
    Use: Scroll            |       |    12 |     3 ||    15
         Potion            |       |       |     1 ||     1
 Armour: Scale mail        |    31 |   100 |    47 ||   178
         Chain mail        |       |       |   109 ||   109
  Dodge: Dodged            |    37 |    69 |    66 ||   172
  Block: Buckler           |    18 |    10 |       ||    28
         Tower shield      |       |   159 |   155 ||   314

Table legend: (Time is in decaauts)
 A = Elapsed time spent in this place.
 B = Non-inter-level travel time spent in this place.
 C = Inter-level travel time spent in this place.
 D = Time resting spent in this place.
 E = Time spent auto-exploring this place.
 F = Levels seen in this place.
 G = Mean time per level.
                   A        B        C        D        E       F      G
               +--------+--------+--------+--------+--------+-----+--------+
         Total |   5464 |   5334 |    130 |    751 |   3341 |   6 |  910.7 |
       Dungeon |   4674 |   4544 |    130 |    648 |   2982 |   5 |  934.8 |
         Sewer |    790 |    790 |      0 |    103 |    359 |   1 |  790.0 |
               +--------+--------+--------+--------+--------+-----+--------+

Top non-repeatable levels by time:
     D:4: 1308 daAuts
     D:2: 1180 daAuts
     D:1: 989 daAuts
     D:3: 871 daAuts
   Sewer: 790 daAuts
     D:5: 325 daAuts
